| TOP OF THE 1ST |
|
University of Michigan Wolverines batting - Pitching for University of California Golden Bears : LHP Leo Gomez
|
|
Pitching: LHP Leo Gomez
|
|
|
Batting: RHB Gerard Gordijn
|
0-0: Ball 1-0: Ground out 5-3 (Groundball, 56S, EV 92.5 MPH)
|
|
Batting: RHB Wendell Sarkies
|
0-0: Called Strike 0-1: Ball 1-1: Foul Ball, location: 2F 1-2: Fly out, F8 (Flyball, 89D, EV 88.1 MPH)
|
|
Batting: RHB Walter Fisher
|
0-0: Swinging Strike 0-1: Swinging Strike 0-2: Ball 1-2: Strikes out swinging
|
| Top of the 1st over - 0 runs, 0 hits, 0 errors, 0 left on base; University of Michigan 0 - University of California 0 |
| BOTTOM OF THE 1ST |
|
University of California Golden Bears batting - Pitching for University of Michigan Wolverines : LHP Kees van Bergen
|
|
Pitching: LHP Kees van Bergen
|
|
|
Batting: LHB Luis Orellana
|
0-0: Foul Ball, location: 2F 0-1: Ball 1-1: Ball 2-1: Called Strike 2-2: DOUBLE (Flyball, 9LM, EV 101.2 MPH)
|
|
Batting: SHB Nick Jansen
|
0-0: Swinging Strike 0-1: Ball 1-1: Foul Ball, location: 2F 1-2: Ball 2-2: DOUBLE (Flyball, 89D, EV 103.1 MPH) Luis Orellana scores
|
|
Batting: RHB Nate Mahon
|
0-0: Ball 1-0: Ground out U3 (Groundball, 34S, EV 84.4 MPH) Nick Jansen to third
|
|
Batting: RHB Jason Béllanger
|
0-0: Ball 1-0: Foul Ball, location: 2F 1-1: Ball 2-1: SINGLE (Groundball, 56D, EV 101.9 MPH) Nick Jansen scores
|
|
Batting: RHB Juan Debayle
|
0-0: Ball Wild Pitch! Jason Béllanger to second 1-0: Swinging Strike 1-1: Swinging Strike 1-2: Foul Ball, location: 2F 1-2: Strikes out swinging
|
|
Batting: RHB Mike Wilson
|
0-0: Called Strike 0-1: Foul Ball, location: 2F 0-2: Ball 1-2: Ball 2-2: Ball 3-2: Fly out, F7 (Flyball, 78M, EV 79.4 MPH)
|
| Bottom of the 1st over - 2 runs, 3 hits, 0 errors, 1 left on base; University of Michigan 0 - University of California 2 |
| TOP OF THE 2ND |
|
University of Michigan Wolverines batting - Pitching for University of California Golden Bears : LHP Leo Gomez
|
|
Batting: RHB Mike Harden
|
0-0: Ball 1-0: Swinging Strike 1-1: Foul Ball, location: 2F 1-2: Ground out 3-1 (Groundball, 13, EV 84.4 MPH)
|
|
Batting: RHB Chris Williamson
|
0-0: Foul Ball, location: 2F 0-1: DOUBLE (Groundball, 5L, EV 106.9 MPH)
|
|
Batting: RHB Angus Shanahan
|
0-0: Ball 1-0: SINGLE (Groundball, 56D, EV 98.8 MPH) Chris Williamson to third
|
|
Batting: SHB Elvis Hoying
|
0-0: SINGLE (Groundball, 4, EV 105.6 MPH) Chris Williamson scores Angus Shanahan to second Runner from 2nd tries for 3rd, SAFE, no throw by CF
|
|
Batting: RHB Remie Braakman
|
0-0: Ball 1-0: Called Strike 1-1: Called Strike 1-2: Strikes out swinging
|
|
Batting: LHB Murdock Cranton
|
0-0: Fly out, F7 (Flyball, 7LM, EV 88.8 MPH)
|
| Top of the 2nd over - 1 run, 3 hits, 0 errors, 2 left on base; University of Michigan 1 - University of California 2 |
| BOTTOM OF THE 2ND |
|
University of California Golden Bears batting - Pitching for University of Michigan Wolverines : LHP Kees van Bergen
|
|
Batting: RHB Luis Rojas
|
0-0: Called Strike 0-1: Ball 1-1: Ball 2-1: Ball 3-1: Swinging Strike 3-2: SINGLE (Groundball, 34D, EV 99.4 MPH)
|
|
Batting: LHB Jonathan Sosa
|
0-0: Called Strike 0-1: Fly out, F9 (Flyball, 89M, EV 85.0 MPH)
|
|
Batting: RHB Jake Ralston
|
0-0: Ball 1-0: Fly out, F9 (Flyball, 9LS, EV 88.8 MPH)
|
|
Batting: LHB Luis Orellana
|
0-0: Swinging Strike 0-1: Ground out 2-3 (Groundball, 2L, EV 75.0 MPH)
|
| Bottom of the 2nd over - 0 runs, 1 hit, 0 errors, 1 left on base; University of Michigan 1 - University of California 2 |
| TOP OF THE 3RD |
|
University of Michigan Wolverines batting - Pitching for University of California Golden Bears : LHP Leo Gomez
|
|
Batting: RHB Gerard Gordijn
|
0-0: DOUBLE (Line Drive, 9LM, EV 103.8 MPH)
|
|
Batting: RHB Wendell Sarkies
|
0-0: Ball 1-0: Called Strike 1-1: Ball 2-1: Foul Ball, location: 2F 2-2: SINGLE (Flyball, 9S, EV 96.9 MPH) Gerard Gordijn to third
|
|
Batting: RHB Walter Fisher
|
0-0: Ball 1-0: Ball 2-0: Ball 3-0: Called Strike 3-1: Foul Ball, location: 2F 3-2: Foul Ball, location: 2F 3-2: Foul Ball, location: 2F 3-2: Fly out, F9 (Flyball, 89M, EV 86.9 MPH) Runner from 3rd tags up, SCORES, throw by RF
|
|
Batting: RHB Mike Harden
|
0-0: Ball 1-0: Called Strike 1-1: Ball 2-1: Swinging Strike 2-2: DOUBLE (Flyball, 7D, EV 93.8 MPH) Wendell Sarkies to third
|
|
Batting: RHB Chris Williamson
|
0-0: Ball 1-0: Ball 2-0: Called Strike 2-1: Ball 3-1: Foul Ball, location: 2F 3-2: 3-RUN HOME RUN (Flyball, 89XD, EV 98.8 MPH), Distance : 390 ft
|
|
Batting: RHB Angus Shanahan
|
0-0: Fly out, F7 (Flyball, 7D, EV 99.4 MPH)
|
|
Batting: SHB Elvis Hoying
|
0-0: Swinging Strike 0-1: Ground out 4-3 (Groundball, 34, EV 103.8 MPH)
|
| Top of the 3rd over - 4 runs, 4 hits, 0 errors, 0 left on base; University of Michigan 5 - University of California 2 |
| BOTTOM OF THE 3RD |
|
University of California Golden Bears batting - Pitching for University of Michigan Wolverines : LHP Kees van Bergen
|
|
Batting: SHB Nick Jansen
|
0-0: Ball 1-0: Ground out 4-3 (Groundball, 4, EV 85.6 MPH)
|
|
Batting: RHB Nate Mahon
|
0-0: DOUBLE (Flyball, 89XD, EV 111.9 MPH)
|
|
Batting: RHB Jason Béllanger
|
0-0: Ball 1-0: Ground out 6-3 (Groundball, 6, EV 110.0 MPH)
|
|
Batting: RHB Juan Debayle
|
0-0: Swinging Strike 0-1: Swinging Strike 0-2: Ball 1-2: Strikes out swinging
|
| Bottom of the 3rd over - 0 runs, 1 hit, 0 errors, 1 left on base; University of Michigan 5 - University of California 2 |
| TOP OF THE 4TH |
|
University of Michigan Wolverines batting - Pitching for University of California Golden Bears : LHP Leo Gomez
|
|
Batting: RHB Remie Braakman
|
0-0: Foul Ball, location: 2F 0-1: Swinging Strike 0-2: DOUBLE (Line Drive, 9LM, EV 93.1 MPH)
|
|
Batting: LHB Murdock Cranton
|
0-0: Ground out 4-3 (Groundball, 34, EV 80.6 MPH) Remie Braakman to third
|
|
Batting: RHB Gerard Gordijn
|
0-0: Ball 1-0: Foul Ball, location: 2F 1-1: Swinging Strike 1-2: Foul Ball, location: 2F 1-2: Ball 2-2: Strikes out swinging
|
|
Batting: RHB Wendell Sarkies
|
0-0: Called Strike 0-1: Swinging Strike 0-2: Ball 1-2: Fly out, F9 (Flyball, 9D, EV 110.0 MPH)
|
| Top of the 4th over - 0 runs, 1 hit, 0 errors, 1 left on base; University of Michigan 5 - University of California 2 |
| BOTTOM OF THE 4TH |
|
University of California Golden Bears batting - Pitching for University of Michigan Wolverines : LHP Kees van Bergen
|
|
Batting: RHB Mike Wilson
|
0-0: Ball 1-0: Ball 2-0: Ball 3-0: Ground out 1-3 (Groundball, 13S, EV 66.2 MPH)
|
|
Pitching: RHP Leon DeSanctis
|
|
|
Batting: RHB Luis Rojas
|
0-0: Fly out, F7 (Flyball, 78D, EV 91.9 MPH)
|
|
Batting: LHB Jonathan Sosa
|
0-0: Foul Ball, location: 2F 0-1: Swinging Strike 0-2: Ball 1-2: Strikes out looking
|
| Bottom of the 4th over - 0 runs, 0 hits, 0 errors, 0 left on base; University of Michigan 5 - University of California 2 |
| TOP OF THE 5TH |
|
University of Michigan Wolverines batting - Pitching for University of California Golden Bears : LHP Leo Gomez
|
|
Batting: RHB Walter Fisher
|
0-0: Called Strike 0-1: Ball 1-1: Fly out, F8 (Flyball, 8LD, EV 95.0 MPH)
|
|
Batting: RHB Mike Harden
|
0-0: Ball 1-0: Ball 2-0: Ball 3-0: Base on Balls
|
|
Batting: RHB Chris Williamson
|
0-0: Ball 1-0: Foul Ball, location: 2F 1-1: Ball 2-1: Called Strike 2-2: Ball 3-2: Foul Ball, location: 2F 3-2: Fly out, F8 (Flyball, 8LD, EV 103.1 MPH)
|
|
Batting: RHB Angus Shanahan
|
0-0: Called Strike 0-1: Ground out 5-3 (Groundball, 56S, EV 67.5 MPH)
|
| Top of the 5th over - 0 runs, 0 hits, 0 errors, 1 left on base; University of Michigan 5 - University of California 2 |
| BOTTOM OF THE 5TH |
|
University of California Golden Bears batting - Pitching for University of Michigan Wolverines : RHP Leon DeSanctis
|
|
Batting: RHB Jake Ralston
|
0-0: Ball 1-0: Called Strike 1-1: Ball 2-1: Fly out, F7 (Flyball, 7D, EV 95.6 MPH)
|
|
Batting: LHB Luis Orellana
|
0-0: Ball 1-0: Ball 2-0: Called Strike 2-1: Foul Ball, location: 2F 2-2: Ball 3-2: Foul Ball, location: 2F 3-2: Strikes out swinging
|
|
Batting: SHB Nick Jansen
|
0-0: Fly out, F8 (Flyball, 8LM, EV 87.5 MPH)
|
| Bottom of the 5th over - 0 runs, 0 hits, 0 errors, 0 left on base; University of Michigan 5 - University of California 2 |
| TOP OF THE 6TH |
|
University of Michigan Wolverines batting - Pitching for University of California Golden Bears : LHP Leo Gomez
|
|
Pitching: RHP Steve Clothier
|
|
|
Batting: SHB Elvis Hoying
|
0-0: Called Strike 0-1: Swinging Strike 0-2: Ball 1-2: Strikes out looking
|
|
Batting: RHB Remie Braakman
|
0-0: Ground out U3 (Groundball, 3L, EV 85.0 MPH)
|
|
Batting: LHB Murdock Cranton
|
0-0: Called Strike 0-1: Hit by Pitch
|
|
Batting: RHB Gerard Gordijn
|
0-0: Foul Ball, location: 2F 0-1: Ball 1-1: Foul Ball, location: 2F 1-2: Ball 2-2: Strikes out swinging
|
| Top of the 6th over - 0 runs, 0 hits, 0 errors, 1 left on base; University of Michigan 5 - University of California 2 |
| BOTTOM OF THE 6TH |
|
University of California Golden Bears batting - Pitching for University of Michigan Wolverines : RHP Leon DeSanctis
|
|
Batting: RHB Nate Mahon
|
0-0: Foul Ball, location: 2F 0-1: Ball 1-1: Fly out, F9 (Line Drive, 9, EV 93.1 MPH)
|
|
Batting: RHB Jason Béllanger
|
0-0: Swinging Strike 0-1: Ball 1-1: Ball 2-1: Ground out 4-3 (Groundball, 4M, EV 86.9 MPH)
|
|
Batting: RHB Juan Debayle
|
0-0: Called Strike 0-1: Ball 1-1: Ground out 4-3 (Groundball, 4, EV 105.0 MPH)
|
| Bottom of the 6th over - 0 runs, 0 hits, 0 errors, 0 left on base; University of Michigan 5 - University of California 2 |
| TOP OF THE 7TH |
|
University of Michigan Wolverines batting - Pitching for University of California Golden Bears : RHP Steve Clothier
|
|
Pitching: RHP Howie Abrams
|
|
|
Batting: RHB Wendell Sarkies
|
0-0: Foul Ball, location: 2F 0-1: Fly out, F8 (Flyball, 8RM, EV 81.9 MPH)
|
|
Batting: RHB Walter Fisher
|
0-0: SOLO HOME RUN (Flyball, 7D, EV 99.4 MPH), Distance : 383 ft
|
|
Batting: RHB Mike Harden
|
0-0: SINGLE (Line Drive, 78S, EV 88.1 MPH)
|
|
Batting: RHB Chris Williamson
|
0-0: Ball Mike Harden steals 2nd base 1-0: Called Strike 1-1: Foul Ball, location: 2F 1-2: Foul Ball, location: 2F 1-2: Foul Ball, location: 2F 1-2: Ball 2-2: Ground out 6-3 (Groundball, 6, EV 84.4 MPH)
|
|
Batting: RHB Angus Shanahan
|
0-0: Called Strike 0-1: Foul Ball, location: 2F 0-2: Foul Ball, location: 2F 0-2: Foul Ball, location: 2F 0-2: Ball 1-2: Strikes out swinging
|
| Top of the 7th over - 1 run, 2 hits, 0 errors, 1 left on base; University of Michigan 6 - University of California 2 |
| BOTTOM OF THE 7TH |
|
University of California Golden Bears batting - Pitching for University of Michigan Wolverines : RHP Leon DeSanctis
|
|
Pitching: RHP Dave Catano
|
|
|
Batting: RHB Mike Wilson
|
0-0: Ball 1-0: Ball 2-0: Called Strike 2-1: SINGLE (Groundball, 6MD, EV 106.2 MPH)
|
|
Batting: RHB Luis Rojas
|
0-0: Called Strike 0-1: Ball 1-1: Ball 2-1: Swinging Strike 2-2: Ball 3-2: Foul Ball, location: 2F 3-2: SINGLE (Flyball, 8RS, EV 88.1 MPH) Mike Wilson to second
|
|
Batting: LHB Jonathan Sosa
|
0-0: Ball 1-0: Called Strike 1-1: Foul Ball, location: 2F 1-2: Ball 2-2: Grounds into double play, 6-4-3 (Groundball, 6, EV 84.4 MPH) Mike Wilson to third
|
|
Batting: RHB Jake Ralston
|
0-0: Called Strike 0-1: Ball 1-1: Ground out 3-1 (Groundball, 34, EV 94.4 MPH)
|
| Bottom of the 7th over - 0 runs, 2 hits, 0 errors, 1 left on base; University of Michigan 6 - University of California 2 |
| TOP OF THE 8TH |
|
University of Michigan Wolverines batting - Pitching for University of California Golden Bears : RHP Howie Abrams
|
|
Pitching: RHP Luis Lopez
|
|
|
Batting: SHB Elvis Hoying
|
0-0: SINGLE (Groundball, 56S, EV 96.9 MPH)
|
|
Batting: RHB Remie Braakman
|
0-0: Sac Bunt to 13 - play at first, batter OUT! 1-3 Elvis Hoying to second
|
|
Batting: LHB Murdock Cranton
|
0-0: Ball 1-0: Ball 2-0: Ball 3-0: Called Strike 3-1: Ground out 6-3 (Groundball, 6, EV 105.0 MPH)
|
|
Batting: RHB Gerard Gordijn
|
0-0: Ball 1-0: Ball 2-0: Ball 3-0: Called Strike 3-1: SINGLE (Groundball, 4, EV 96.9 MPH) Elvis Hoying to third Runner from 3rd tries for Home, SAFE, throw by CF to home
|
|
Batting: RHB Wendell Sarkies
|
0-0: Ball 1-0: Ball 2-0: Called Strike 2-1: Called Strike 2-2: Ball 3-2: Base on Balls Gerard Gordijn to second
|
|
Batting: RHB Walter Fisher
|
0-0: Ground out 4-3 (Groundball, 4S, EV 77.5 MPH)
|
| Top of the 8th over - 1 run, 2 hits, 0 errors, 2 left on base; University of Michigan 7 - University of California 2 |
| BOTTOM OF THE 8TH |
|
University of California Golden Bears batting - Pitching for University of Michigan Wolverines : RHP Dave Catano
|
|
Batting: LHB Luis Orellana
|
0-0: Foul Ball, location: 2F 0-1: Foul Ball, location: 2F 0-2: Foul Ball, location: 2F 0-2: Ball 1-2: Fly out, F9 (Flyball, 9LS, EV 90.0 MPH)
|
|
Batting: SHB Nick Jansen
|
0-0: Foul Ball, location: 2F 0-1: Ground out U3 (Groundball, 3, EV 108.1 MPH)
|
|
Batting: RHB Nate Mahon
|
0-0: Ball 1-0: Ground out 6-3 (Groundball, 6M, EV 98.1 MPH)
|
| Bottom of the 8th over - 0 runs, 0 hits, 0 errors, 0 left on base; University of Michigan 7 - University of California 2 |
| TOP OF THE 9TH |
|
University of Michigan Wolverines batting - Pitching for University of California Golden Bears : RHP Luis Lopez
|
|
Batting: RHB Mike Harden
|
0-0: Foul Ball, location: 2F 0-1: Foul Ball, location: 2F 0-2: Ball 1-2: Strikes out swinging
|
|
Batting: RHB Chris Williamson
|
0-0: Called Strike 0-1: Ball 1-1: Foul Ball, location: 2F 1-2: Ball 2-2: SINGLE (Line Drive, 3D, EV 103.1 MPH)
|
|
Batting: RHB Angus Shanahan
|
0-0: Called Strike 0-1: Swinging Strike 0-2: Ball 1-2: Strikes out looking
|
|
Pitching: LHP Chee-hwa Thean
|
|
|
Pinch Hitting: LHB Dakota Kaempf
|
0-0: Called Strike 0-1: Called Strike 0-2: Strikes out swinging
|
| Top of the 9th over - 0 runs, 1 hit, 0 errors, 1 left on base; University of Michigan 7 - University of California 2 |
| BOTTOM OF THE 9TH |
|
University of California Golden Bears batting - Pitching for University of Michigan Wolverines : RHP Dave Catano
|
|
Pitching: RHP Orlando Huizar
|
|
|
Now at 2B: Phillip Blake
|
|
|
Batting: RHB Jason Béllanger
|
0-0: Foul Ball, location: 2F 0-1: Ball 1-1: Foul Ball, location: 2F 1-2: Ground out 5-3 (Groundball, 56S, EV 88.1 MPH)
|
|
Pinch Hitting: LHB Carlos Gaona
|
0-0: Called Strike 0-1: Foul Ball, location: 2F 0-2: Ball 1-2: Foul Ball, location: 2F 1-2: Ball 2-2: Foul Ball, location: 2F 2-2: Ball 3-2: Foul Ball, location: 2F 3-2: Ground out U3 (Groundball, 34, EV 106.2 MPH)
|
|
Batting: RHB Mike Wilson
|
0-0: Called Strike 0-1: Swinging Strike 0-2: Foul Ball, location: 2F 0-2: Strikes out swinging
|
| Bottom of the 9th over - 0 runs, 0 hits, 0 errors, 0 left on base; University of Michigan 7 - University of California 2 |
|